 Dungeon Crawl Stone Soup version 0.22.1-2-g9c5b331 (webtiles) character file.

488 zombiefromfo the Ruffian (level 7, -2/59 HPs)
             Began as a Ghoul Berserker on Dec 13, 2018.
             Was a Believer of Trog.
             Slain by an ogre
             ... wielding a +0 giant spiked club
              (17 damage)
             ... on level 5 of the Dungeon.
             The game lasted 00:28:40 (3461 turns).

zombiefromfo the Ruffian (Ghoul Berserker)          Turns: 3461, Time: 00:28:40

Health: -2/59      AC: 10    Str: 20    XL:     7   Next: 13%
Magic:  6/6        EV:  8    Int:  3    God:    Trog [**....]
Gold:   121        SH:  0    Dex: 10    Spells: 6/6 levels left

rFire    . . .     SeeInvis .     - Unarmed
rCold    + . .     Gourm    .   (no shield)
rNeg     + + +     Faith    .   f - +1 chain mail {MR+}
rPois    ∞         Spirit   .   (no helmet)
rElec    .         Reflect  .   (no cloak)
rCorr    .         Harm     .   (no gloves)
MR       +....                  (no boots)
Stlth    ..........             (no amulet)
HPRegen  0.00/turn              (no ring)
MPRegen  0.10/turn              (no ring)

@: rotting
A: rotting body, claws 1, carnivore, cold resistance 1, negative energy
resistance 3, inhibited regeneration, torment resistance, unbreathing
a: Trog's Hand, Renounce Religion


You were on level 5 of the Dungeon.
You worshipped Trog.
Trog was pleased with you.
You were not hungry.

You visited 1 branch of the dungeon, and saw 5 of its levels.

You collected 121 gold pieces.

Inventory:

Hand Weapons
 i - a +0 hand axe
 t - a +0 hunting sling
 w - a +0 hunting sling
Missiles
 g - 111 arrows
 j - 99 stones (quivered)
 m - 17 bolts
 o - 9 poisoned needles
 z - 20 sling bullets
Armour
 a - a +0 animal skin
 f - a +1 chain mail of magic resistance (worn)
 k - a +1 pair of gloves
Jewellery
 q - an uncursed ring of magical power {unknown}
 v - an uncursed ring of protection from magic {unknown}
Wands
 d - a wand of iceblast (6)
 D - a wand of paralysis (6)
Scrolls
 c - a scroll of enchant weapon
 l - 6 scrolls of teleportation
 u - 2 scrolls of immolation {unknown}
 x - a scroll of noise {unknown}
 y - a scroll of fog {unknown}
 A - a scroll of blinking {unknown}
Potions
 e - a potion of might {unknown}
 h - a potion of lignification {unknown}
 n - 2 potions of magic
 p - a potion of haste
 r - a potion of curing {unknown}
 s - 2 potions of cancellation
 B - a potion of heal wounds {unknown}
Comestibles
 b - 2 rations


   Skills:
 + Level 4.2 Fighting
 + Level 0.6 Slings
 * Level 3.6 Armour
 * Level 3.0 Dodging
 + Level 6.3 Unarmed Combat


You had 6 spell levels left.
You didn't know any spells.
Your spell library was empty.

Dungeon Overview and Level Annotations

Branches:
Dungeon (5/15)             Temple (0/1) D:5

Altars:
Hepliaklqana
The Shining One


Innate Abilities, Weirdness & Mutations

Your body is rotting away.
You thrive on raw meat.
You are immune to poison.
You have sharp fingernails.
You are carnivorous and can eat meat at any time.
Your flesh is cold resistant. (rC+)
You are immune to negative energy. (rN+++)
You do not regenerate when monsters are visible.
You are immune to unholy pain and torment.
You can survive without breathing.


Message History

w - a +0 hunting sling (weapon)
Really attack while wielding your +0 hunting sling? [Y]es or [N]o only, please.
Really attack while wielding your +0 hunting sling?
Okay, then.
An ogre is nearby!
You are now empty-clawed.
You scratch the ogre.
The ogre is lightly wounded.
The ogre hits you with a giant spiked club.
You barely miss the ogre.
The ogre is lightly wounded.
The ogre hits you with a giant spiked club!!
* * * LOW HITPOINT WARNING * * *
You claw the ogre!
The ogre is heavily wounded.
You scratch the ogre but do no damage.
The ogre is heavily wounded.
The ogre hits you with a giant spiked club!
You die...

#.## #...
###.#.####
#........#
#..8.8.8.#
#...⌠$⌠..#
#..8.>.8.#
#...⌠.⌠.O#
#..8.8.8@##
#.........###.##.
#.###.#..........
# #...#.###.##
###.#.# #.#.#
..#<# ###.# #.#


You could see an ogre.

Vanquished Creatures
  A centaur (D:4)
  A water moccasin skeleton (D:4)
  A howler monkey (D:4)
  2 hounds (D:4)
  An orc wizard (D:4)
  An orc priest (D:3)
  A bullfrog skeleton (D:3)
  Ijyb (D:3)
  2 worker ants (D:4)
  3 adders
  2 worms (D:2)
  A dart slug (D:4)
  A leopard gecko (D:4)
  9 orcs
  3 bats
  A giant cockroach (D:2)
  9 goblins
  4 hobgoblins
  2 jackals (D:2)
  7 kobolds
  A quokka (D:2)
  2 frilled lizards (D:2)
  4 rats
60 creatures vanquished.

Notes
Turn   | Place    | Note
-------+----------+-------------------------------------------
     0 | D:1      | zombiefromfo the Ghoul Berserker began the quest for the
                  | Orb.
     0 | D:1      | Reached XP level 1. HP: 19/19 MP: 0/0
   463 | D:1      | Reached XP level 2. HP: 17/26 MP: 1/1
  1188 | D:2      | Reached XP level 3. HP: 33/33 MP: 2/2
  1390 | D:2      | Reached skill level 4 in Unarmed Combat
  1395 | D:2      | Reached ** piety under Trog
  1776 | D:3      | Noticed Ijyb
  1791 | D:3      | Killed Ijyb
  1791 | D:3      | Reached XP level 4. HP: 31/37 MP: 3/3
  1939 | D:3      | Reached skill level 5 in Unarmed Combat
  1939 | D:3      | Reached XP level 5. HP: 43/46 MP: 4/4
  2083 | D:3      | Found a hazy altar of Hepliaklqana.
  2641 | D:4      | Reached XP level 6. HP: 46/51 MP: 5/5
  2659 | D:4      | Found a glowing golden altar of the Shining One.
  2709 | D:4      | Reached skill level 6 in Unarmed Combat
  3243 | D:4      | Reached XP level 7. HP: 53/56 MP: 6/6
  3340 | D:4      | Paralysed by an orc wizard for 4 turns
  3438 | D:5      | Entered Level 5 of the Dungeon
  3440 | D:5      | Found a staircase to the Ecumenical Temple.
  3461 | D:5      | Slain by an ogre

Skill      XL: |  1  2  3  4  5  6 |
---------------+-------------------+-----
Armour         | 2 3 |  3.6
Dodging        | 2 3 |  3.0
Unarmed Combat | 4 5 6 |  6.3
Fighting       | 4 |  4.2
Slings         | |  0.6

Action                   |  1- 3 |  4- 6 |  7- 9 || total
-------------------------+-------+-------+-------++-------
Melee: Unarmed           |   106 |   124 |    11 ||   241
       Punch             |       |     1 |     1 ||     2
       Hunting sling     |       |       |     7 ||     7
 Fire: Hunting sling     |       |     3 |     8 ||    11
  Use: Scroll            |     6 |     1 |       ||     7
       Potion            |     1 |       |       ||     1
  Eat: Chunk             |    11 |     8 |     5 ||    24
       Ration            |       |     1 |     3 ||     4
Armor: Animal skin       |     6 |       |       ||     6
       Chain mail        |    34 |    75 |     9 ||   118
Dodge: Dodged            |    61 |    64 |     7 ||   132
